 Dungeon Crawl Stone Soup version 0.31-a0-702-gf82c85558f (webtiles) character file.

Game seed: 12521982419778871388

284 qw the Shooter (level 6, -4/38 HPs)
             Began as a Gargoyle Hunter on Sept 7, 2023.
             Slain by Pikel
             ... wielding a +2 whip of flaming
              (6 damage)
             ... on level 4 of the Dungeon.
             The game lasted 00:01:15 (3691 turns).

qw the Shooter (Gargoyle Hunter)                    Turns: 3691, Time: 00:01:15

Health: -4/38      AC: 12    Str: 12 (14) XL:     6   Next: 29%
Magic:  6/6        EV: 10    Int: 10      God:
Gold:   1058       SH:  0    Dex: 14 (15) Spells: 5/5 levels left

rFire   . . .        Y - +2 shortbow
rCold   + . .        (shield currently unavailable)
rNeg    + . .        a - +0 ring mail
rPois   inf          d - +1 helmet
rElec   +            (no cloak)
rCorr   +            (no gloves)
SInv    .            (no boots)
Will    .....        (no amulet)
Stlth   +            b - ring of resist corrosion
HPRegen 0.26/turn    j - ring of protection from cold
MPRegen 0.10/turn

%: no passive effects
@: no status effects
A: sickness immunity, AC +4, negative energy resistance 1, electricity
resistance, torment resistance 1, petrification resistance
a: no special abilities


You were on level 4 of the Dungeon.
You visited 1 branch of the dungeon, and saw 4 of its levels.

You collected 1058 gold pieces.


Innate Abilities, Weirdness & Mutations

You are immune to sickness and miasma.
Your stone body is resilient. (AC +4)
You are immune to poison.
You resist negative energy. (rN+)
You are resistant to electric shocks. (rElec)
You are resistant to unholy torment.
You are immune to petrification.


   Skills:
 - Level 4.0 Fighting
 + Level 6.1 Ranged Weapons
 - Level 2.6 Armour
 - Level 1.5 Dodging
 - Level 1.1 Stealth


You had 5 spell levels left.
You didn't know any spells.
Your spell library was empty.

Inventory:

Hand Weapons
 Y - a +2 shortbow (weapon)
Armour
 a - a +0 ring mail (worn)
 d - a +1 helmet (worn)
Jewellery
 b - a ring of resist corrosion (left hand)
 i - a ring of fire
 j - a ring of protection from cold (right hand)
Scrolls
 e - a scroll of identify
Potions
 c - 2 potions of might {unknown}
 m - a potion of brilliance {unknown}

Dungeon Overview and Level Annotations

Branches:
Dungeon (4/15)
 Temple: D:4-7

Altars:
Makhleb
Xom
The Shining One

Annotations:
D:4 Pikel


Message History

Pikel closely misses you.
You shoot an arrow. The arrow hits Pikel.
Pikel is heavily wounded.
Pikel hits you with a +2 whip of flaming.
Pikel burns you.
You shoot an arrow.
The arrow hits Pikel but does no damage.
Pikel is heavily wounded.
Pikel hits you with a +2 whip of flaming.
Pikel burns you.
You shoot an arrow. The arrow closely misses Pikel.
The arrow hits the lemure.
The lemure is almost dead.
Pikel hits you but does no damage.
Pikel hits you with a +2 whip of flaming.
Pikel burns you.
You shoot an arrow. The arrow hits Pikel.
Pikel is heavily wounded.
Pikel barely misses you.
You shoot an arrow. The arrow barely misses Pikel.
The arrow hits the lemure.
You kill the lemure!
That felt strangely unrewarding.
Pikel hits you with a +2 whip of flaming.
Pikel burns you.
You shoot an arrow.
The arrow hits Pikel but does no damage.
Pikel is heavily wounded.
Pikel closely misses you.
You shoot an arrow. The arrow barely misses Pikel.
The arrow hits the lemure.
The lemure is lightly wounded.
Pikel barely misses you. Pikel hits you but does no damage.
You shoot an arrow. The arrow hits Pikel.
Pikel is severely wounded.
Pikel hits you with a +2 whip of flaming.
Pikel burns you.
You shoot an arrow.
The arrow hits Pikel but does no damage.
Pikel is severely wounded.
Pikel hits you with a +2 whip of flaming.
You die...
Pikel says, "Another soul for the market."

#########################
...%.%.........)@K55....[
##################5......
....... ....### ......
.K...## 5r....# ...(..#


You could see Pikel and 3 lemures.

Vanquished Creatures
  A lemure (D:4)
  A scorpion (D:3)
  A hound (D:3)
  An iguana (D:4)
  2 orc wizards (D:4)
  Terence (D:3)
  3 worms
  3 dart slugs
  7 orcs
  12 bats
  7 endoplasms
  3 goblins
  4 hobgoblins
  3 jackals (D:4)
  6 kobolds
  8 quokkas
  7 ball pythons
  6 frilled lizards
  5 rats
81 creatures vanquished.

Notes
Turn   | Place    | Note
-------+----------+-------------------------------------------
     0 | D:1      | qw the Gargoyle Hunter began the quest for the Orb.
     0 | D:1      | Reached XP level 1. HP: 12/12 MP: 1/1
     0 | D:1      | 0 ||| qw: Version: 0.3-a-76-g4403597
     0 | D:1      | 0 ||| qw: Game counter: 858
     0 | D:1      | 0 ||| qw: Melee chars always use a shield: true
     0 | D:1      | 0 ||| qw: God list: Okawaru
     0 | D:1      | 0 ||| qw: Allow faded altars: false
     0 | D:1      | 0 ||| qw: Do Orc after clearing Dungeon:15 true
     0 | D:1      | 0 ||| qw: Do second Lair branch before Depths: true
     0 | D:1      | 0 ||| qw: Lair rune preference: random
     0 | D:1      | 0 ||| qw: Goals: Normal
     0 | D:1      | 0 ||| PLANNING D:1-11
   137 | D:1      | Reached XP level 2. HP: 17/17 MP: 2/2
   873 | D:1      | Reached XP level 3. HP: 21/21 MP: 3/3
  1126 | D:1      | 1126 ||| READING scroll labelled MOHATI NIRCHA.
  1127 | D:1      | 1127 ||| READING 3 scrolls labelled UBLUXI ILUCSUDGH.
  1128 | D:1      | 1128 ||| READING scroll labelled DEITAPHOAMN.
  1129 | D:1      | 1129 ||| READING scroll labelled PUUFFI LACU.
  1129 | D:1      | Identified a scroll of acquirement
  1129 | D:1      | 1129 ||| ACQUIRING 826 gold pieces
  1129 | D:1      | Acquired 826 gold pieces
  1131 | D:1      | 1131 ||| READING 3 scrolls labelled PEGUNO GOAN.
  1132 | D:1      | 1132 ||| READING scroll labelled TACKAE BATAAT.
  1133 | D:1      | 1133 ||| READING scroll labelled GOUREK JOLEO.
  1138 | D:1      | 1138 ||| READING 2 scrolls of identify.
  1138 | D:1      | 1138 ||| IDENTIFYING fizzy ruby potion
  1139 | D:1      | 1139 ||| DROPPING scroll of butterflies.
  1140 | D:1      | 1140 ||| DROPPING 2 scrolls of immolation.
  1245 | D:2      | Reached skill level 5 in Ranged Weapons
  1828 | D:2      | Reached skill level 3 in Fighting
  2417 | D:2      | 2417 ||| UPGRADING to +0 ring mail.
  2427 | D:2      | 2427 ||| DROPPING +0 leather armour.
  2428 | D:2      | 2428 ||| UPGRADING to +1 helmet.
  2433 | D:2      | 2433 ||| UPGRADING to ring of resist corrosion.
  2434 | D:2      | 2434 ||| UPGRADING to ring of protection from cold.
  2435 | D:2      | 2435 ||| READING scroll labelled GUAGUH KAOCE.
  2436 | D:2      | 2436 ||| READING 2 scrolls of identify.
  2436 | D:2      | 2436 ||| IDENTIFYING bubbling clear potion
  2456 | D:3      | Noticed a scorpion
  2464 | D:3      | Killed a scorpion
  2465 | D:3      | Reached XP level 4. HP: 28/28 MP: 4/4
  2491 | D:3      | Reached XP level 5. HP: 21/32 MP: 5/5
  2493 | D:3      | 2493 ||| FLEEEEING.
  2494 | D:3      | 2494 ||| FLEEEEING.
  2495 | D:3      | 2495 ||| FLEEEEING.
  2496 | D:3      | 2496 ||| FLEEEEING.
  2497 | D:3      | 2497 ||| FLEEEEING.
  2498 | D:3      | 2498 ||| FLEEEEING.
  2499 | D:3      | 2499 ||| STAIRDANCE
  2538 | D:2      | 2538 ||| READING scroll labelled KALAIN PANE.
  2606 | D:3      | Noticed Terence
  2616 | D:3      | Killed Terence
  2686 | D:3      | Found a faded altar of an unknown god.
  2734 | D:3      | Found a faded altar of an unknown god.
  2734 | D:3      | Found a shimmering altar of Xom.
  2740 | D:3      | Found a burning altar of Makhleb.
  2742 | D:3      | Found a glowing golden altar of the Shining One.
  2744 | D:3      | Found a faded altar of an unknown god.
  2978 | D:3      | 2978 ||| READING scroll labelled OTIOHE JOUCS.
  2979 | D:3      | 2979 ||| READING scroll labelled VOERUB ESMAOME.
  2980 | D:3      | 2980 ||| DRINKING 3 clear potions.
  2981 | D:3      | 2981 ||| DROPPING 2 potions of degeneration.
  3085 | D:4      | Reached skill level 6 in Ranged Weapons
  3098 | D:4      | 3098 ||| FLEEEEING.
  3099 | D:4      | 3099 ||| FLEEEEING.
  3100 | D:4      | 3100 ||| FLEEEEING.
  3101 | D:4      | 3101 ||| FLEEEEING.
  3102 | D:4      | 3102 ||| FLEEEEING.
  3103 | D:4      | 3103 ||| FLEEEEING.
  3104 | D:4      | 3104 ||| FLEEEEING.
  3105 | D:4      | 3105 ||| FLEEEEING.
  3106 | D:4      | 3106 ||| FLEEEEING.
  3119 | D:4      | 3119 ||| DRINKING potion of curing.
  3119 | D:4      | 3119 ||| (to cure confusion)
  3122 | D:4      | Reached XP level 6. HP: 24/37 MP: 6/6
  3427 | D:4      | 3427 ||| READING scroll of enchant weapon.
  3427 | D:4      | 3427 ||| ENCHANTING +1 shortbow.
  3662 | D:4      | Noticed Pikel
  3663 | D:4      | 3663 ||| RETREATING.
  3665 | D:4      | 3665 ||| Stepping ~*~*~tactically~*~*~ (retreating).
  3678 | D:4      | HP: 5/38 [Pikel/+2 whip of flaming (6)]
  3678 | D:4      | HP: 2/38 [Pikel/+2 whip of flaming (3)]
  3679 | D:4      | 3679 ||| DRINKING potion of heal wounds.
  3685 | D:4      | HP: 7/38 [Pikel/+2 whip of flaming (5)]
  3690 | D:4      | HP: 3/38 [Pikel/+2 whip of flaming (2)]
  3691 | D:4      | Slain by Pikel

Levels and vault maps discovered:
D:1:      evilmike_arrival_crescent, layout_basic, dreamdust_princess_bridge
D:2:      layout_basic, serial_rivers, chequers_serial_rivers_small_3,
          chequers_serial_rivers_micro_a, chequers_serial_rivers_small_a,
          chequers_serial_rivers_room_a, chequers_serial_rivers_large_a
D:3:      layout_rooms, chequers_temple_overflow_minitemple,
          ebering_ecumenical_altar_mist, uniq_terence
D:4:      layout_basic, uniq_pikel

Skill      XL: |  1  2  3  4  5  6 |
---------------+-------------------+-----
Ranged Weapons | 5 6 |  6.1
Fighting       | 3 4 |  4.0
Armour         | 2 |  2.6
Dodging        | |  1.5
Stealth        | |  1.1

Action                     |  1- 3 |  4- 6 || total
---------------------------+-------+-------++-------
   Fire: Shortbow          |   109 |   156 ||   265
    Use: Scroll            |    10 |     4 ||    14
         Potion            |       |     3 ||     3
 Armour: Leather armour    |    27 |       ||    27
         Ring mail         |     2 |    69 ||    71
  Dodge: Dodged            |    23 |    33 ||    56

Table legend:
 A = Non-vault XP
 B = Vault XP
 C = Vault XP percentage of total XP
 D = Non-vault monster count
 E = Vault monster count
 F = Vault count percentage of total count
                 A         B        C        D         E       F
            +---------+---------+-------+---------+---------+-------
      Total |     375 |      32 |   7.9 |      79 |       1 |   1.2
            +---------+---------+-------+---------+---------+-------
        D:1 |      37 |       0 |   0.0 |      26 |       0 |   0.0
        D:2 |      39 |       0 |   0.0 |      17 |       0 |   0.0
        D:3 |     158 |      32 |  16.8 |      22 |       1 |   4.3
        D:4 |     141 |       0 |   0.0 |      14 |       0 |   0.0
            +---------+---------+-------+---------+---------+-------
